 Dungeon Crawl Stone Soup version 0.30-b1-2-g02819fbbbe (webtiles) character file.

Game seed: 17786428644272879887

4830 Arzdou the Nimble (level 10, -3/82 HPs)
             Began as a Gnoll Monk on June 1, 2023.
             Was a High Priest of the Shining One.
             Killed from afar by an acid dragon (32 damage)
             ... with a splash of acid
             ... on level 9 of the Dungeon on June 2, 2023.
             The game lasted 00:11:26 (7781 turns).

Arzdou the Nimble (Gnoll Monk)                      Turns: 7781, Time: 00:11:27

Health: -3/82      AC:  2    Str: 10    XL:     10   Next: 49%
Magic:  18/18      EV: 19    Int: 12    God:    the Shining One [*****.]
Gold:   201        SH:  0    Dex: 23    Spells: 20/20 levels left

rFire   . . .        L - +1 scimitar (flame)
rCold   . . .        (no shield)
rNeg    + + .        k - +2 robe {Archmagi}
rPois   .            d - +1 hat
rElec   .            (no cloak)
rCorr   .            p - +0 pair of gloves
SInv    .            (no boots)
Will    .....        (no amulet)
Stlth   ++           f - +6 ring of dexterity
HPRegen 0.33/turn    i - +4 ring of protection
MPRegen 0.16/turn

%: archmagi
@: about to teleport, corroded, mesmerised, glowing
A: fangs 1, strong nose, distributed training
a: Renounce Religion, Divine Shield, Cleansing Flame, Summon Divine Warrior


You were on level 9 of the Dungeon.
You worshipped the Shining One.
The Shining One was extremely pleased with you.
You visited 1 branch of the dungeon, and saw 9 of its levels.
You also visited: Ossuary.

You collected 357 gold pieces.
You spent 156 gold pieces at shops.

Inventory:

Hand Weapons
 L - a +1 scimitar of flaming (weapon)
Armour
 d - a +1 hat (worn)
 k - a +2 robe of the Archmagi (worn)
 p - a +0 pair of gloves (worn)
Jewellery
 b - an amulet of reflection
 f - a +6 ring of dexterity (left hand)
 i - a +4 ring of protection (right hand)
Wands
 K - a wand of paralysis (9)
Scrolls
 e - a scroll of vulnerability {unknown}
 j - a scroll of amnesia {unknown}
 n - 4 scrolls of poison
 s - 3 scrolls of enchant armour {unknown}
 t - 4 scrolls of noise
 w - 2 scrolls of fear {unknown}
 y - 3 scrolls of fog
 A - 2 scrolls of blinking {unknown}
 B - a scroll of teleportation
 C - a scroll of silence {unknown}
 E - 2 scrolls of magic mapping {unknown}
 I - a scroll of torment {unknown}
 J - a scroll of brand weapon {unknown}
Potions
 a - 3 potions of invisibility {unknown}
 c - 2 potions of ambrosia
 g - 4 potions of heal wounds
 h - 2 potions of cancellation {unknown}
 l - a potion of attraction
 m - 7 potions of curing
 o - 3 potions of degeneration
 r - a potion of resistance
 x - 3 potions of lignification {unknown}
 z - a potion of flight {unknown}
 F - a potion of mutation {unknown}
 G - 2 potions of haste
 H - a potion of brilliance {unknown}


   Skills:
 + Level 8.7 Fighting
 + Level 5.5 Short Blades
 + Level 8.7 Long Blades
 + Level 5.5 Axes
 + Level 5.5 Maces & Flails
 + Level 5.5 Polearms
 + Level 5.5 Staves
 + Level 5.5 Ranged Weapons
 + Level 5.5 Throwing
 + Level 5.5 Armour
 + Level 8.7 Dodging
 + Level 5.5 Stealth
 + Level 5.5 Shields
 + Level 5.5 Unarmed Combat
 + Level 5.5 Spellcasting
 + Level 4.5 Conjurations
 + Level 4.5 Hexes
 + Level 4.5 Summonings
 + Level 4.5 Necromancy
 + Level 4.5 Translocations
 + Level 4.5 Transmutations
 + Level 4.5 Fire Magic
 + Level 4.5 Ice Magic
 + Level 4.5 Air Magic
 + Level 4.5 Earth Magic
 + Level 4.5 Poison Magic
 + Level 6.1 Invocations
 + Level 5.5 Evocations


You had 20 spell levels left.
You didn't know any spells.
Your spell library contained the following spells:

 Spells                   Type           Power      Damage    Failure   Level
 Inner Flame              Hex/Fire       21%        N/A       9%          3
 Portal Projectile        Hex/Tloc       42%        N/A       9%          3
 Tukima's Dance           Hex            21%        N/A       9%          3
 Blade Hands              Tmut           10%        N/A       63%         5
 Yara's Violent Unravell  Hex/Tmut       10%        3d6       63%         5
 Conjure Ball Lightning   Conj/Air       10%        3x3d6     99%         6
 Enfeeble                 Hex            10%        N/A       100%        7
 Discord                  Hex            10%        N/A       100%        8
 Disjunction              Tloc           10%        N/A       100%        8


Dungeon Overview and Level Annotations

Branches:
Dungeon (9/15)             Temple (0/1) D:4         Ossuary (visited)
   Lair: D:8-11         Orc: D:9-12

Altars:
Elyvilon
Fedhas
Nemelex Xobeh
Okawaru
Qazlal
Uskayaw
Vehumet
Xom
Zin
The Shining One

Shops:
D:7 :(   D:8 *

Annotations:
D:8 exclusion: statue
D:9 Maggie


Innate Abilities, Weirdness & Mutations

You have very sharp teeth.
Your uncanny sense of smell can sniff out nearby items.
Your experience applies equally to all skills.


Message History

Maggie attempts to bespell you!
You are mesmerised by Maggie!
You cannot move away from Maggie!
You cannot move away from Maggie!
The acid dragon roars!
The acid dragon spits acid at you. The splash of acid hits you!
The acid corrodes you!
You slash Maggie! You burn Maggie.
Maggie is lightly wounded.
Maggie misses you.
You hit Maggie but do no damage. Your bite misses Maggie.
Maggie is lightly wounded.
Maggie barely misses you.
You barely miss Maggie. You punch Maggie, but do no damage.
Your bite misses Maggie.
Maggie is lightly wounded.
Maggie hits you with a +2 morningstar of pain!
The acid dragon spits acid at you. The splash of acid hits you!!
The acid corrodes you!
You hit Maggie but do no damage.
Maggie is lightly wounded.
Maggie mumbles some strange words.
Maggie draws you further into her thrall.
You hit Maggie but do no damage.
Maggie is lightly wounded.
Maggie completely misses you. The acid dragon completely misses you.
The acid dragon misses you.
You hit Maggie but do no damage.
Maggie is lightly wounded.
Maggie practices a pose.
Maggie barely misses you.
The acid dragon completely misses you. x2
Okay, then.
Okay, then.
As you read the scroll of teleportation, it crumbles to dust.
You feel strangely unstable. Maggie casts a spell at you.
The bolt of fire hits you. The acid dragon spits acid at you.
The splash of acid hits you!!
You die...

...'.....#........#
...#.....#........#
...#.....#........#
...##....#........#
...##....'........#
.........#........#
.........#........#
.........#........######
...##....######.@@.....#
#####.....#...#..D.....#
#......#...#........#
#......'...#........#
#......#...#........#
#.....##...#........#
##....###'###########
#.....#...........#
#.....#...........#


You could see Maggie (mesmerising) and an acid dragon (catching breath).

Vanquished Creatures
  Gastronok (D:9)
  Pikel (D:6)
  Grinder (D:6)
  2 hornets (D:8)
  A wraith (Ossuary)
  Eustachio (D:5)
  Sigmund (D:4)
  A steam dragon (D:8)
  Edmund (D:6)
  An acid dragon (D:9)
  A sky beast (D:7)
  2 ice beasts (D:7)
  A black bear (D:6)
  A centaur (D:9)
  Blork the orc (D:4)
  A phantom (D:3)
  A bullfrog (D:8)
  4 scorpions
  5 wights (D:8)
  2 howler monkeys
  A jelly (D:6)
  3 orc priests
  A gnoll bouda (D:5)
  A sleepcap (D:5)
  4 iguanas
  4 orc wizards
  3 mummies (Ossuary)
  9 gnolls
  9 adders
  A shadow imp (D:6)
  A white imp (D:5)
  2 ufetubi
  3 worms
  2 dart slugs
  15 orcs
  4 bats
  7 endoplasms
  A giant cockroach (D:2)
  7 goblins
  6 hobgoblins
  3 jackals (D:4)
  4 kobolds
  A quokka (D:1)
  9 ball pythons
  5 frilled lizards
  2 goblin zombies (Ossuary)
  3 hobgoblin zombies (Ossuary)
  6 kobold zombies (Ossuary)
  An orc zombie (Ossuary)
  2 rats (D:2)
150 creatures vanquished.

Vanquished Creatures (others)
  A gnoll (D:8)
  3 bushes (D:5)
  14 plants
18 creatures vanquished.

Grand Total: 168 creatures vanquished

Notes
Turn   | Place    | Note
-------+----------+-------------------------------------------
     0 | D:1      | Arzdou the Gnoll Monk began the quest for the Orb.
     0 | D:1      | Reached XP level 1. HP: 23/23 MP: 1/1
   264 | D:1      | Reached XP level 2. HP: 29/29 MP: 2/2
   792 | D:2      | Reached XP level 3. HP: 31/35 MP: 3/3
   820 | D:2      | Reached skill level 1 in Invocations
  1061 | D:2      | Reached skill level 1 in Short Blades
  1061 | D:2      | Reached skill level 1 in Axes
  1061 | D:2      | Reached skill level 1 in Maces & Flails
  1061 | D:2      | Reached skill level 1 in Polearms
  1061 | D:2      | Reached skill level 1 in Staves
  1061 | D:2      | Reached skill level 1 in Ranged Weapons
  1061 | D:2      | Reached skill level 1 in Throwing
  1061 | D:2      | Reached skill level 1 in Armour
  1061 | D:2      | Reached skill level 1 in Stealth
  1061 | D:2      | Reached skill level 1 in Shields
  1061 | D:2      | Reached skill level 1 in Unarmed Combat
  1061 | D:2      | Reached skill level 1 in Spellcasting
  1061 | D:2      | Reached skill level 1 in Evocations
  1066 | D:2      | Reached XP level 4. HP: 27/41 MP: 5/5
  1166 | D:2      | Reached skill level 1 in Conjurations
  1166 | D:2      | Reached skill level 1 in Hexes
  1166 | D:2      | Reached skill level 1 in Summonings
  1166 | D:2      | Reached skill level 1 in Necromancy
  1166 | D:2      | Reached skill level 1 in Translocations
  1166 | D:2      | Reached skill level 1 in Transmutations
  1166 | D:2      | Reached skill level 1 in Fire Magic
  1166 | D:2      | Reached skill level 1 in Ice Magic
  1166 | D:2      | Reached skill level 1 in Air Magic
  1166 | D:2      | Reached skill level 1 in Earth Magic
  1166 | D:2      | Reached skill level 1 in Poison Magic
  1759 | D:3      | Found an iron altar of Okawaru.
  1768 | D:3      | Reached XP level 5. HP: 47/47 MP: 5/7
  1878 | D:3      | Found a glowing silver altar of Zin.
  1878 | D:3      | Found a white marble altar of Elyvilon.
  1878 | D:3      | Found a glowing golden altar of the Shining One.
  1884 | D:3      | Became a worshipper of the Shining One
  1884 | D:3      | Reached * piety under the Shining One
  1884 | D:3      | Reached ** piety under the Shining One
  2198 | D:3      | Noticed a phantom
  2210 | D:3      | Killed a phantom
  2343 | D:3      | Found a sparkling altar of Nemelex Xobeh.
  2526 | D:4      | Reached XP level 6. HP: 53/53 MP: 7/9
  2594 | D:4      | Found a staircase to the Ecumenical Temple.
  2595 | D:4      | Noticed Sigmund
  2615 | D:4      | Killed Sigmund
  2616 | D:4      | Reached XP level 7. HP: 59/60 MP: 10/10
  3079 | D:4      | Noticed Blork the orc
  3090 | D:4      | Killed Blork the orc
  3269 | D:5      | Entered Level 5 of the Dungeon
  3428 | D:5      | Noticed Eustachio
  3442 | D:5      | Killed Eustachio
  3497 | D:5      | Identified the +0 whip of the Hierophant {heavy, rPois
                  | Dex+3}
  3628 | D:5      | Found a blossoming altar of Fedhas.
  3665 | D:5      | Reached XP level 8. HP: 53/67 MP: 12/12
  4217 | D:6      | Noticed a +0 spear
  4217 | D:6      | Reached *** piety under the Shining One
  4217 | D:6      | Noticed a +0 short sword
  4228 | D:6      | Noticed a +0 dagger
  4229 | D:6      | Noticed a +0 short sword
  4230 | D:6      | Noticed a +0 falchion
  4230 | D:6      | Noticed a +0 dagger
  4231 | D:6      | Noticed a +0 falchion
  4234 | D:6      | Noticed a +0 spear
  4359 | D:6      | Found a stormy altar of Qazlal.
  4369 | D:6      | Noticed Pikel
  4379 | D:6      | Killed Pikel
  4607 | D:6      | Found a sand-covered staircase.
  4614 | D:6      | Noticed Edmund
  4616 | Ossuary  | Entered an ossuary
  4616 | Ossuary  | Noticed a wraith
  4616 | Ossuary  | Noticed a wraith
  4616 | Ossuary  | Noticed a wraith
  4665 | Ossuary  | Reached **** piety under the Shining One
  4685 | Ossuary  | Reached XP level 9. HP: 73/73 MP: 14/14
  5062 | D:6      | Killed Edmund
  5373 | D:6      | Found a hide-covered altar of Uskayaw.
  5417 | D:6      | Noticed Grinder
  5419 | D:6      | Killed Grinder
  5830 | D:7      | Found Unwuag's Book Emporium.
  5899 | D:7      | Found Gyixeiz's Hydra Hut.
  5901 | D:7      | Noticed a four-headed hydra
  5904 | D:7      | Bought a +1 scimitar of flaming for 156 gold pieces
  5942 | D:7      | Reached skill level 5 in Invocations
  6299 | D:8      | Found a shimmering altar of Xom.
  6314 | D:8      | Found a radiant altar of Vehumet.
  6360 | D:8      | Noticed a hornet
  6372 | D:8      | Noticed a hornet
  6387 | D:8      | Killed a hornet
  6478 | D:8      | Paralysed by a hornet for 3 turns
  6482 | D:8      | Killed a hornet
  6483 | D:8      | Reached ***** piety under the Shining One
  6674 | D:9      | Reached skill level 5 in Short Blades
  6674 | D:9      | Reached skill level 5 in Axes
  6674 | D:9      | Reached skill level 5 in Maces & Flails
  6674 | D:9      | Reached skill level 5 in Polearms
  6674 | D:9      | Reached skill level 5 in Staves
  6674 | D:9      | Reached skill level 5 in Ranged Weapons
  6674 | D:9      | Reached skill level 5 in Throwing
  6674 | D:9      | Reached skill level 5 in Armour
  6674 | D:9      | Reached skill level 5 in Stealth
  6674 | D:9      | Reached skill level 5 in Shields
  6674 | D:9      | Reached skill level 5 in Unarmed Combat
  6674 | D:9      | Reached skill level 5 in Spellcasting
  6674 | D:9      | Reached skill level 5 in Evocations
  6674 | D:9      | Reached XP level 10. HP: 50/81 MP: 17/17
  6831 | D:9      | Noticed Gastronok
  6866 | D:9      | Killed Gastronok
  7083 | D:9      | Noticed a two-headed ogre
  7506 | D:8      | Found Tist's Changing Room.
  7770 | D:9      | Noticed Maggie
  7781 | D:9      | Killed from afar by an acid dragon

Illustrated notes

Levels and vault maps discovered:
D:1:      psy_arrival_terrarium, layout_basic
D:2:      layout_loops_ring, kennysheep_generic_room_10
D:3:      layout_loops_corners, dreamdust_divine_triumvirate,
          nemelex_dance_club_becter, nicolae_overflow_crystal_walls,
          hangedman_decor_push
D:4:      layout_cave_pools, minmay_temple_entry_trees, nicolae_hexahallways,
          serial_park_tiny_2, uniq_sigmund, uniq_blork_the_orc
D:5:      layout_basic, fedhas_altar_decomposition, uniq_eustachio
D:6:      layout_basic, nicolae_uskayaw_en_pointe, mainiacjoe_overflow_24_doors,
          nicolae_ossuary_entry_monument, uniq_grinder, uniq_pikel, uniq_edmund
D:7:      layout_loops_ring, serial_shops, shop_statue, doesnt_shop_hydraphobe
D:8:      minmay_distorted_concentric_squares, layout_basic,
          nicolae_overflow_hidden_temple, vehumet_statue,
          nicolae_transmutations_shop, kennysheep_generic_room_8
D:9:      layout_gridville, enter_bailey_5, uniq_maggie, uniq_harold,
          uniq_gastronok

Skill      XL: |  1  2  3  4  5  6  7  8  9 10 |
---------------+-------------------------------+-----
Invocations    | 1 2 3 4 5 6 |  6.1
Short Blades   | 1 2 3 5 |  5.5
Axes           | 1 2 3 5 |  5.5
Maces & Flails | 1 2 3 5 |  5.5
Polearms       | 1 2 3 5 |  5.5
Staves         | 1 2 3 5 |  5.5
Ranged Weapons | 1 2 3 5 |  5.5
Throwing       | 1 2 3 5 |  5.5
Armour         | 1 2 3 5 |  5.5
Stealth        | 1 2 3 5 |  5.5
Shields        | 1 2 3 5 |  5.5
Unarmed Combat | 1 2 3 5 |  5.5
Spellcasting   | 1 2 3 5 |  5.5
Evocations     | 1 2 3 5 |  5.5
Conjurations   | 1 2 3 4 |  4.5
Hexes          | 1 2 3 4 |  4.5
Summonings     | 1 2 3 4 |  4.5
Necromancy     | 1 2 3 4 |  4.5
Translocations | 1 2 3 4 |  4.5
Transmutations | 1 2 3 4 |  4.5
Fire Magic     | 1 2 3 4 |  4.5
Ice Magic      | 1 2 3 4 |  4.5
Air Magic      | 1 2 3 4 |  4.5
Earth Magic    | 1 2 3 4 |  4.5
Poison Magic   | 1 2 3 4 |  4.5
Fighting       | 7 8 |  8.7
Long Blades    | 7 8 |  8.7
Dodging        | 7 8 |  8.7

Action                     |  1- 3 |  4- 6 |  7- 9 | 10-12 || total
---------------------------+-------+-------+-------+-------++-------
  Melee: Falchion          |    72 |    36 |       |       ||   108
         Bite              |     4 |    12 |    42 |    13 ||    71
         Scimitar          |       |    54 |   165 |    64 ||   283
         Great sword       |       |       |    64 |       ||    64
         Punch             |       |       |       |     4 ||     4
  Evoke: Wand              |       |       |     1 |       ||     1
    Use: Scroll            |       |     3 |     4 |     3 ||    10
         Potion            |       |       |     1 |     2 ||     3
   Stab: Sleeping          |     1 |       |       |       ||     1
 Armour: Robe              |    12 |       |    64 |    14 ||    90
         Leather armour    |     1 |    24 |       |       ||    25
  Dodge: Dodged            |    64 |    61 |   201 |    82 ||   408
